 Dungeon Crawl Stone Soup version 0.21-a0-2-ge494091 (webtiles) character file.

191 Lexie the Firebug (level 5, -4/31 HPs)
             Began as an Octopode Fire Elementalist on May 22, 2017.
             Was an Initiate of Vehumet.
             Hit by a tomahawk of returning thrown by an orc warrior (12 damage)
             ... on level 3 of the Dungeon.
             The game lasted 00:03:13 (2485 turns).

Lexie the Firebug (Octopode Fire Elementalist)      Turns: 2485, Time: 00:03:14

Health: -4/31      AC:  1    Str:  7    XL:     5   Next: 70%
Magic:  9/10       EV: 13    Int: 19    God:    Vehumet [......]
Gold:   64         SH:  0    Dex: 12    Spells: 4/10 levels left

rFire    . . .     SeeInvis .   e - +2 dagger (venom)
rCold    . . .     Gourm    .   (no shield)
rNeg     . . .     Faith    .   (helmet restricted)
rPois    .         Spirit   .   (no amulet)
rElec    .         Reflect  .   g - ring of teleportation (curse)
rCorr    .         Harm     .   (no ring)
MR       .....     Rnd*Tele +   (no ring)
Stlth    +++.......             (no ring)
Regen    0.1/turn               (no ring)
MPRegen  0.2/turn               (no ring)
                                (no ring)
                                (no ring)

@: no status effects
A: almost no armour, stealthy swim, amphibious, 8 rings, constrict 8, camouflage
1, gelatinous body 1
a: Renounce Religion


You were on level 3 of the Dungeon.
You worshipped Vehumet.
Vehumet was noncommittal.
You were not hungry.

You visited 1 branch of the dungeon, and saw 3 of its levels.

You collected 64 gold pieces.

Inventory:

Hand Weapons
 e - a +2 dagger of venom (weapon)
Missiles
 l - 5 curare-tipped needles
Jewellery
 g - a cursed ring of teleportation (left tentacle)
Scrolls
 h - a scroll of magic mapping {unknown}
 i - 4 scrolls of identify {unknown}
 o - 4 scrolls of amnesia {unknown}
 r - a scroll of enchant armour {unknown}
 w - 2 scrolls of remove curse {unknown}
Potions
 d - 2 potions of mutation {unknown}
 f - a potion of ambrosia {unknown}
 j - a potion of haste {unknown}
 m - a potion of resistance {unknown}
 n - a potion of magic {unknown}
 p - a potion of cancellation {unknown}
 q - 3 potions of curing {unknown}
 s - a potion of agility {unknown}
 t - a potion of degeneration {unknown}
 u - a potion of berserk rage {unknown}
Books
 a - a book of Flames

   Spells                             Type                      Level
   a - Flame Tongue                   Conjuration/Fire             1
   b - Throw Flame                    Conjuration/Fire             2
   c - Conjure Flame                  Conjuration/Fire             3
   d - Inner Flame                    Hexes/Fire                   3
   e - Sticky Flame                   Conjuration/Fire             4
   f - Fireball                       Conjuration/Fire             5
 v - Jessica's Compendium of Evil Magic
   (You found it on level 2 of the Dungeon)

   Spells                             Type                      Level
   a - Animate Skeleton               Necromancy                   1
   b - Pain                           Necromancy                   1
Comestibles
 b - 4 bread rations
 c - 2 fruits
 k - a royal jelly


   Skills:
 - Level 2.0 Dodging
 - Level 2.6 Stealth
 + Level 3.3 Spellcasting
 + Level 3.5 Conjurations
 + Level 4.0 Fire Magic


You had 4 spell levels left.
You knew the following spells:

 Your Spells              Type           Power        Failure   Level  Hunger
a - Flame Tongue          Conj/Fire      ###..        3%          1    None
b - Throw Flame           Conj/Fire      ###...       4%          2    ##.....
c - Conjure Flame         Conj/Fire      ###.....     10%         3    ###....


Dungeon Overview and Level Annotations

Branches:
Dungeon (3/15)

Altars:
Vehumet
The Shining One


Innate Abilities, Weirdness & Mutations

You cannot wear most types of armour.
You are very stealthy in the water. (Stealth+)
You are amphibious.
You can wear up to eight rings at the same time.
You can use your tentacles to constrict eight enemies at once.
Your skin changes colour to match your surroundings (Stealth+).
Your rubbery body absorbs attacks. (AC +1, EV +1)


Message History

Confirm with . or Enter, or press ? or * to list all spells.
Aiming: Flame Tongue
Press: ? - help, Shift-Dir - straight line, f - orc
Aim: an orc, wielding a flail (hasn't noticed you)
The flame tongue hits the orc.
You kill the orc!
Vehumet accepts your kill.
The orc shouts!
The orc warrior throws a tomahawk of returning.
The tomahawk of returning hits you!!
Ouch! That really hurt!
* * * LOW HITPOINT WARNING * * *
The weapon returns to the orc warrior!
An orc priest comes into view. It is wielding a hand axe.
Casting: Flame Tongue
Confirm with . or Enter, or press ? or * to list all spells.
You can't see any susceptible monsters within range! (Use Z to cast anyway.)
The orc warrior throws a tomahawk of returning.
The tomahawk of returning hits you!
You die...

..)...####.# #..#.......#
...........## ##.##.....##
#....#.###..#### #)##.....##
#.....h..#.....# ##.#...[...#
..........(#
#.#####..........#
#.....†l...#
#..##....#....÷..#
#..h.....<.#
##.......##.....##
#............#####....###...##
#.......o.o.....@.###.# #####
#...............#...#.#
##..^..K..#..)..###...#
#......>..o#....# ####
#..........#....#
..........#..?.# #....# ######


You could see an orc warrior and an orc.

Vanquished Creatures
  A bullfrog (D:3)
  Jessica (D:2)
  2 adders
  2 oozes (D:2)
  4 dart slugs
  2 leopard geckos
  2 orcs (D:3)
  3 ball pythons (D:1)
  4 bats
  4 giant cockroaches
  8 goblins
  8 hobgoblins
  3 jackals (D:1)
  5 kobolds
  A quokka (D:2)
  3 frilled lizards
  10 rats
63 creatures vanquished.

Notes
Turn   | Place    | Note
-------+----------+-------------------------------------------
     0 | D:1      | Lexie the Octopode Fire Elementalist began the quest for the Orb.
     0 | D:1      | Reached XP level 1. HP: 11/11 MP: 3/3
    66 | D:1      | Reached XP level 2. HP: 12/17 MP: 1/5
   426 | D:1      | Reached XP level 3. HP: 11/21 MP: 1/6
  1357 | D:2      | Found a glowing golden altar of the Shining One.
  1372 | D:2      | Reached XP level 4. HP: 27/27 MP: 3/8
  1443 | D:2      | Learned a level 2 spell: Throw Flame
  1447 | D:2      | Learned a level 3 spell: Conjure Flame
  1642 | D:2      | Noticed Jessica
  1649 | D:2      | Killed Jessica
  1742 | D:2      | Identified Jessica's Compendium of Evil Magic
  1958 | D:2      | Reached XP level 5. HP: 15/31 MP: 3/9
  2234 | D:3      | Reached skill level 4 in Fire Magic
  2372 | D:3      | Found a radiant altar of Vehumet.
  2407 | D:3      | Became a worshipper of Vehumet
  2480 | D:3      | Noticed an orc warrior
  2485 | D:3      | Hit by a tomahawk of returning thrown by an orc warrior

Vault maps used:
D:1:      roderic_chinese_lattice_arrival, minmay_shallow_snake_nest
D:2:      nicolae_overflow_crystal_walls, kennysheep_jessica_study
D:3:      lemuel_round_altar, first_bread

Skill      XL: |  1  2  3  4  5 |
---------------+----------------+-----
Conjurations   | 2 3 |  3.5
Spellcasting   | 3 |  3.3
Fire Magic     | 4 |  4.0
Dodging        | |  2.0
Stealth        | |  2.6

Action                   |  1- 3 |  4- 6 || total
-------------------------+-------+-------++-------
Melee: Dagger            |    14 |    11 ||    25
       Unarmed           |     3 |       ||     3
       Constrict         |     6 |     2 ||     8
       Tentacles         |     2 |     1 ||     3
 Cast: Flame Tongue      |    45 |    36 ||    81
 Stab: Sleeping          |     1 |     3 ||     4
  Eat: Chunk             |     2 |     3 ||     5
Armor: Skin              |     3 |       ||     3
Dodge: Dodged            |    24 |    18 ||    42
